[Event "*** Titled Tuesday Blitz"]
[Site "Chess.com"]
[Date "2019.06.04"]
[Round "8"]
[White "HansCoolNiemann"]
[Black "LastHeroJr"]
[Result "1-0"]
[WhiteElo "2707"]
[BlackElo "2516"]
[TimeControl "180+2"]
[EndTime "14:48:41 PDT"]
[Termination "HansCoolNiemann won by resignation"]

1. d4 Nf6 2. c4 g6 3. Nf3 Bg7 4. Nc3 O-O 5. e4 d6 6. Be2 e5 7.
dxe5 dxe5 8. Qxd8 Rxd8 9. Bg5 c6 10.
Nxe5 Re8 11. O-O-O Na6 12. f4 h6 13. Bh4 g5 14.
Bg3 Nc5 15. Bf3 g4 16. Bf2 gxf3 17. Bxc5 fxg2 18. Rhg1 Nh5 19. Be3 Bh3 20. Rd3 Rad8 21. Rxd8 Rxd8 22. Nd1 Kf8 23. Nf2 Be6 24. Rxg2 f6 25.
Ng6+ Kf7 26. b3 b5 27. f5 Bc8 28. Ng4 bxc4 29. bxc4 Ba6 30. c5 Re8 31. e5 fxe5 32. Bxh6 Bxh6+ 33. Nxh6+ Kf6 34. Rf2 e4 35. Ng4+ Kg5 36.
Ne3 Bd3 37. h4+ Kf6 38. Ng4+ Kg7 39. Kd2 Nf6 40. Ne3 Rb8 41. Kc3 Rb1 42. Rg2 Kh6 43. Ne5 Nh5 44. f6 Rb7 45. f7 1-0

[Event "*** Titled Tuesday Blitz"]
[Site "Chess.com"]
[Date "2019.06.04"]
[Round "8"]
[White "DenishevM"]
[Black "ruvat"]
[Result "0-1"]
[WhiteElo "2452"]
[BlackElo "2380"]
[TimeControl "180+2"]
[EndTime "14:48:43 PDT"]
[Termination "ruvat won by resignation"]

1. e4 d6 2. d4 Nf6 3. Nc3 g6 4. f4 Bg7 5. Nf3 O-O 6. Bd3 Nc6 7. O-O e5 8. fxe5 dxe5 9. d5 Ne7 10. Bg5 c6 11. Bxf6 Bxf6 12. Bc4 cxd5 13. Nxd5 Nxd5 14. Bxd5 Qb6+ 15. Kh1 Be6 16. Nd2 Bxd5 17. exd5 Bg7 18. b3 f5 19. Rc1 e4 20. c4 Qd4 21. Nb1 Rad8 22. Nc3 Qxd1 23. Rfxd1 b6 24. Nb5 a6 25.
Nc7 Rf7 26. Ne6 Rd6 27. a4 a5 28. c5 bxc5 29. Rxc5 Rb7 30. Rc8+ Kf7 31. Nd8+ Rxd8 32. Rxd8 e3 33. g3 Bc3 34. Rh8 e2 35. Rc1 Bxh8 0-1

[Event "*** Titled Tuesday Blitz"]
[Site "Chess.com"]
[Date "2019.06.04"]
[Round "8"]
[White "Bryakin_Mikhail"]
[Black "Karacsonyi_Gellert"]
[Result "1-0"]
[WhiteElo "2727"]
[BlackElo "2522"]
[TimeControl "180+2"]
[EndTime "14:48:44 PDT"]
[Termination "Bryakin_Mikhail won by resignation"]

1. d4 Nf6 2. c4 e6 3. g3 d5 4. Bg2 dxc4 5. Nf3 Bd7 6. Ne5 Nc6 7.
Nxc4 Bb4+ 8. Bd2 Bxd2+ 9. Qxd2 O-O 10. O-O Rb8 11. Nc3 Ne7 12. Ne5 Bc6 13. Nxc6 Nxc6 14. e3 Qd7 15. Rfd1 Rfd8 16. a3 e5 17. d5 Ne7 18. Qe2 a6 19. Qc4 Nc8 20. Rac1 Nd6 21. Qb4 h5 22. h3 Rdc8 23. Na4 a5 24. Qb3 b6 25. Rc6 e4 26. Nc3 h4 27. g4 b5 28.
Ne2 g5 29. Nd4 Kg7 30. Rdc1 Nxg4 31. hxg4 Qxg4 32. Kh2 h3 33. Bh1 Nc4 34. Qd1 Qh4 35. Qg1 Ne5 36. Nf5+ Kh7 37. Nxh4 gxh4 38. Qg5 1-0

[Event "*** Titled Tuesday Blitz"]
[Site "Chess.com"]
[Date "2019.06.04"]
[Round "8"]
[White "BlackBoarder"]
[Black "oogee"]
[Result "1-0"]
[WhiteElo "2516"]
[BlackElo "2321"]
[TimeControl "180+2"]
[EndTime "14:48:44 PDT"]
[Termination "BlackBoarder won by resignation"]

1. e4 c5 2. Nf3 d6 3. c3 Nf6 4.
h3 Nc6 5. Bd3 e6 6. O-O Be7 7.
Bc2 c4 8. Re1 O-O 9. b3 b5 10.
a4 cxb3 11. Bxb3 bxa4 12. Bxa4 Bd7 13. d4 d5 14. exd5 Nxd5 15. c4 Nb6 16. Bb5 a6 17.
Bxc6 Bxc6 18. Nbd2 Bxf3 19. Qxf3 Qxd4 20. Rb1 Nxc4 21. Nxc4 Qxc4 22. Bb2 f6 23. Rbc1 Qa2 24. Re2 e5 25. Bxe5 Qa3 26. Qd5+ Kh8 27. Bb2 Qd6 28. Qf3 a5 29. Rce1 Bd8 30. Ba3 1-0

[Event "*** Titled Tuesday Blitz"]
[Site "Chess.com"]
[Date "2019.06.04"]
[Round "8"]
[White "Jabberwockiez"]
[Black "NicoChasin"]
[Result "1-0"]
[WhiteElo "2263"]
[BlackElo "2469"]
[TimeControl "180+2"]
[EndTime "14:48:51 PDT"]
[Termination "Jabberwockiez won by resignation"]

1. e4 c5 2. Nc3 Nc6 3. Nf3 g6 4. d4 cxd4 5. Nxd4 Bg7 6. Nb3 d6 7. Be2 Nf6 8. O-O O-O 9. Bg5 Be6 10. Re1 Nd7 11. Rb1 a6 12. Nd5 h6 13. Bh4 b5 14. f4 Nb6 15. Bg4 Bxg4 16. Qxg4 Ra7 17. Bf2 f5 18. Qxg6 Nc8 19. Bxa7 N8xa7 20. exf5 Qe8 21.
Qe6+ Qf7 22. Nxe7+ Nxe7 23. Qxe7 Nc8 24. Qxf7+ Kxf7 25.
c3 Nb6 26. Nd4 Nc4 27. Ne6 Rg8 28. Nxg7 Rxg7 29. Kf2 Kf6 30. b3 Na3 31. Rbd1 Kxf5 32.
Rxd6 Kxf4 33. g3+ Kg4 34. Re5 Nb1 35. Rd4+ 1-0

[Event "*** Titled Tuesday Blitz"]
[Site "Chess.com"]
[Date "2019.06.04"]
[Round "8"]
[White "ChessWarrior7197"]
[Black "Oleg_Papayan"]
[Result "1-0"]
[WhiteElo "2831"]
[BlackElo "2555"]
[TimeControl "180+2"]
[EndTime "14:48:51 PDT"]
[Termination "ChessWarrior7197 won by resignation"]

1. Nf3 c5 2. e3 Nf6 3. b3 b6 4.
Bb2 Bb7 5. d4 e6 6. Bd3 Be7 7.
O-O O-O 8. Nbd2 d5 9. Qe2 Nc6 10. a3 Rc8 11. Ne5 Nxe5 12. dxe5 Nd7 13. f4 g6 14. Rf3 f5 15. exf6 Bxf6 16. Bxf6 Qxf6 17. Re1 Rce8 18. e4 e5 19. exd5 exf4 20. Qxe8 Rxe8 21.
Rxe8+ Kg7 22. Ne4 Qd4+ 23. Kh1 Ne5 24. Re7+ Kf8 25. Rxb7 Nxd3 26. h3 Qxe4 27. Rxd3 Qe1+ 28.
Kh2 Qe5 29. Rf3 h5 30. Rxa7 g5 31. d6 Qxd6 32. Rd3 Qb8 33. Rdd7 f3+ 34. Kg1 Qe8 35. Rf7+ Qxf7 36. Rxf7+ Kxf7 37. gxf3 Ke6 38. Kf2 Kd5 39. Ke3 1-0

[Event "*** Titled Tuesday Blitz"]
[Site "Chess.com"]
[Date "2019.06.04"]
[Round "8"]
[White "jacky72"]
[Black "Blitzstream"]
[Result "1/2-1/2"]
[WhiteElo "2728"]
[BlackElo "2693"]
[TimeControl "180+2"]
[EndTime "14:48:53 PDT"]
[Termination "Game drawn by repetition"]

1. d4 d5 2. c4 c6 3. cxd5 cxd5 4. Nc3 Nf6 5. Bf4 Nc6 6. e3 Ne4 7. Bd3 Nxc3 8. bxc3 g6 9. Nf3 Bg7 10. O-O O-O 11.
c4 dxc4 12. Bxc4 a6 13. h3 Bf5 14. a4 Rc8 15. Be2 Qa5 16. Qb3 Qb4 17. Qxb4 Nxb4 18.
Rac1 Rxc1 19. Rxc1 Rc8 20. Rxc8+ Bxc8 21. Ne5 Be6 22. a5 Bd5 23. Nd7 Nc6 24. Bc7 e6 25. Nc5 Nb4 26. e4 Bc6 27. e5 Nc2 28. Nb3 Bd5 29.
Nc5 Nxd4 30. Bd3 Nb3 31. Nd7 Bc6 32. Nb8 Bd5 33. Nd7 Bc6 34. Nb8 Bd5 35. Nd7 1/2-1/2

[Event "*** Titled Tuesday Blitz"]
[Site "Chess.com"]
[Date "2019.06.04"]
[Round "8"]
[White "LonesomeGeorge1"]
[Black "Spring199"]
[Result "1-0"]
[WhiteElo "2392"]
[BlackElo "2222"]
[TimeControl "180+2"]
[EndTime "14:48:53 PDT"]
[Termination "LonesomeGeorge1 won on time"]

1. e4 e5 2. Nf3 Nc6 3. Bb5 a6 4. Ba4 Nf6 5. Qe2 b5 6. Bb3 Be7 7. c3 O-O 8. O-O d5 9. d3 d4 10. cxd4 Nxd4 11. Nxd4 Qxd4 12. Nd2 Rd8 13. Nf3 Qd6 14.
d4 Nd7 15. Rd1 exd4 16. Nxd4 Qf6 17. Nf5 Bb7 18. h4 Ne5 19. Bg5 Qxg5 20. hxg5 Bxg5 21.
g3 Bf6 22. f4 Ng6 23. e5 Be7 24. Rac1 Rxd1+ 25. Qxd1 Bd8 26. Qd7 1-0

[Event "*** Titled Tuesday Blitz"]
[Site "Chess.com"]
[Date "2019.06.04"]
[Round "8"]
[White "riconaipe"]
[Black "Naruto-K"]
[Result "1-0"]
[WhiteElo "2576"]
[BlackElo "2404"]
[TimeControl "180+2"]
[EndTime "14:48:57 PDT"]
[Termination "riconaipe won on time"]

1. d4 Nf6 2. Nf3 c5 3. e3 e6 4. Be2 b6 5. O-O Bb7 6. b3 d6 7. Bb2 Nbd7 8. c4 cxd4 9. Nxd4 Ne5 10. Nd2 Be7 11. N2f3 a6 12. Nxe5 dxe5 13. Nf3 e4 14.
Ne5 Qc7 15. Qc2 O-O 16. Qc3 Rfd8 17. Rad1 Ne8 18. Bh5 f6 19. Bf7+ Kf8 20. Rxd8 Rxd8 21. f4 Nd6 22. Bxe6 Ne8 23. Qe1 g6 24. f5 fxe5 25. fxg6+ Nf6 26. Qh4 Kg7 27. Rxf6 1-0

[Event "*** Titled Tuesday Blitz"]
[Site "Chess.com"]
[Date "2019.06.04"]
[Round "8"]
[White "Satscho"]
[Black "Rish_97"]
[Result "0-1"]
[WhiteElo "2270"]
[BlackElo "2505"]
[TimeControl "180+2"]
[EndTime "14:49:02 PDT"]
[Termination "Rish_97 won by resignation"]

1. e4 e5 2. Nf3 Nc6 3. Bb5 a6 4. Ba4 Nf6 5. O-O Be7 6. Re1 b5 7. Bb3 d6 8. c3 O-O 9. h3 Nb8 10. d4 Nbd7 11. Nbd2 Bb7 12. Bc2 Re8 13. Nf1 Bf8 14.
Ng3 g6 15. Be3 exd4 16. Bxd4 c5 17. Be3 Nxe4 18. Nxe4 Bxe4 19. Bg5 Bxf3 20. Rxe8 Qxg5 21. Rxf8+ Rxf8 22. Qxf3 Qd2 23. Qd1 Qf4 24. g3 Qe5 25. Qd2 Re8 26. Rd1 Re6 27. Bb3 c4 28. Bc2 Nf6 29. b3 d5 30. bxc4 dxc4 31. a4 Kg7 32.
axb5 axb5 33. h4 Re7 34. Qd6 Qxd6 35. Rxd6 Re2 36. Bd1 Re1+ 37. Kg2 Ne4 38. Rd7 Nxc3 39. Bg4 h5 40. Bf3 b4 41. Rc7 b3 42. Rxc4 b2 0-1

[Event "*** Titled Tuesday Blitz"]
[Site "Chess.com"]
[Date "2019.06.04"]
[Round "8"]
[White "Joseph_Truelson"]
[Black "fm_magua"]
[Result "0-1"]
[WhiteElo "2283"]
[BlackElo "2489"]
[TimeControl "180+2"]
[EndTime "14:49:05 PDT"]
[Termination "fm_magua won by resignation"]

1. d4 Nf6 2. Nc3 g6 3. e4 d6 4. Bf4 Bg7 5. Qd2 c5 6. dxc5 dxc5 7. Qxd8+ Kxd8 8. O-O-O+ Bd7 9. Nf3 Nh5 10. Be3 b6 11.
Bb5 Bxc3 12. bxc3 Kc7 13. Bc4 f6 14. e5 Bc6 15. exf6 Bxf3 16. gxf3 exf6 17. Rd5 Nc6 18. Rhd1 Rad8 19. Rxd8 Nxd8 20. Bh6 Nc6 21. Be6 Re8 22.
Bg4 Ne5 23. Bxh5 gxh5 24. Bg7 Nxf3 25. Bxf6 Re2 26. Rd3 Rxf2 27. Kd1 Nxh2 28. Bh4 Rg2 29. Ke1 Ng4 30. Kf1 Rxc2 31. Bg3+ Kc6 32. Rd6+ Kb5 33. Rd7 Rxc3 34. Be1 Rf3+ 35. Kg2 Re3 36. Kf1 a5 37. Rxh7 Ra3 38. Rxh5 Rxa2 39. Rg5 Ne3+ 40. Kg1 Ra1 41. Kf2 Nc2 42. Bc3 Ra2 43. Kf3 Ra3 0-1

[Event "*** Titled Tuesday Blitz"]
[Site "Chess.com"]
[Date "2019.06.04"]
[Round "8"]
[White "Haykos"]
[Black "slowdumbb"]
[Result "0-1"]
[WhiteElo "2528"]
[BlackElo "2463"]
[TimeControl "180+2"]
[EndTime "14:49:05 PDT"]
[Termination "slowdumbb won by resignation"]

1. e4 c5 2. Nf3 Nc6 3. Bb5 g6 4. Bxc6 bxc6 5. O-O Bg7 6. Re1 e5 7. Nc3 Ne7 8. b3 O-O 9. Bb2 d6 10. h3 f5 11. d3 f4 12. Na4 Bf6 13. c3 g5 14. Nh2 Ng6 15. d4 cxd4 16. cxd4 Qe7 17.
Rc1 Nh4 18. dxe5 Bxe5 19. Bxe5 Qxe5 20. Nf3 Nxf3+ 21. Qxf3 g4 22. hxg4 Qg5 23. Rxc6 Bxg4 24. Qc3 f3 25. g3 Rf6 26. Re3 Raf8 27. Kf1 Qh5 28. Ke1 Qh2 29. Qc4+ Be6 30. Qf1 Bh3 31. Qc4+ Kh8 32. Nb2 Qg1+ 33. Kd2 Qxf2+ 34. Kd3 Bf1+ 35. Kd4 Bxc4 36. Nxc4 Qxg3 0-1

[Event "*** Titled Tuesday Blitz"]
[Site "Chess.com"]
[Date "2019.06.04"]
[Round "8"]
[White "Filip_Covic"]
[Black "Valuebet2000"]
[Result "0-1"]
[WhiteElo "2368"]
[BlackElo "2553"]
[TimeControl "180+2"]
[EndTime "14:49:09 PDT"]
[Termination "Valuebet2000 won by resignation"]

1. d4 d5 2. Nf3 Nf6 3. Bf4 c5 4. e3 Nc6 5. Nbd2 cxd4 6. exd4 Bf5 7. c3 e6 8. Be2 Bd6 9. Bxd6 Qxd6 10. O-O O-O 11.
Nb3 b6 12. a4 Rab8 13. Bb5 Bg4 14. h3 Bxf3 15. Qxf3 Ne4 16. Qe3 Na5 17. Nc1 Qc7 18.
Re1 Nd6 19. Qe5 Rfc8 20. Ba6 Rd8 21. Nd3 Nac4 22. Qg3 Nd2 23. f3 Ne8 24. Qf2 Nc4 25. Ne5 Nxe5 26. Rxe5 Nd6 27. Rae1 b5 28. axb5 Nxb5 29.
Qe2 Qb6 30. Ra1 Nd6 31. b4 Rd7 32. Bd3 Rc7 33. Qd2 Nc4 34. Qc1 Nxe5 0-1

[Event "*** Titled Tuesday Blitz"]
[Site "Chess.com"]
[Date "2019.06.04"]
[Round "8"]
[White "csati17"]
[Black "Supernotar"]
[Result "0-1"]
[WhiteElo "2510"]
[BlackElo "2565"]
[TimeControl "180+2"]
[EndTime "14:49:11 PDT"]
[Termination "Supernotar won by resignation"]

1. c4 c5 2. g3 Nc6 3. Bg2 g6 4. Nc3 Bg7 5. e4 e6 6. Nge2 Nge7 7. O-O O-O 8. Rb1 d6 9. a3 a5 10. d3 Nd4 11. Nxd4 Bxd4 12. Bh6 Bg7 13. Bxg7 Kxg7 14.
d4 Nc6 15. dxc5 dxc5 16. Qxd8 Rxd8 17. Na4 Ne5 18. b3 Bd7 19. Nxc5 Bc6 20. b4 axb4 21.
axb4 b6 22. b5 bxc5 23. bxc6 Rac8 24. f4 Nxc6 25. f5 Nb4 26. fxe6 fxe6 27. Ra1 Ra8 28. e5 Rxa1 29. Rxa1 Rd7 30. Bh3 Re7 31. Ra6 0-1

[Event "*** Titled Tuesday Blitz"]
[Site "Chess.com"]
[Date "2019.06.04"]
[Round "8"]
[White "Sebastian"]
[Black "Zarikovs1999"]
[Result "0-1"]
[WhiteElo "2855"]
[BlackElo "2672"]
[TimeControl "180+2"]
[EndTime "14:49:19 PDT"]
[Termination "Zarikovs1999 won on time"]

1. e4 c5 2. Nf3 Nc6 3. d4 cxd4 4. Nxd4 Nf6 5. Nc3 e5 6. Ndb5 d6 7. Bg5 a6 8. Na3 b5 9. Nd5 Be7 10. Bxf6 Bxf6 11. c3 O-O 12. Nc2 Bg5 13. a4 bxa4 14. Nce3 Ne7 15. Qxa4 Nxd5 16. Nxd5 a5 17. Bc4 Kh8 18. O-O f5 19. b4 Bd7 20. Bb5 Bxb5 21. Qxb5 axb4 22. Rxa8 Qxa8 23. cxb4 fxe4 24. Qc4 e3 25.
fxe3 Rxf1+ 26. Kxf1 Bd8 27. b5 h5 28. Qb3 Qa1+ 29.
Kf2 Ba5 30. Qd3 Be1+ 31. Kf3 Qb2 32. Qf1 e4+ 0-1

[Event "*** Titled Tuesday Blitz"]
[Site "Chess.com"]
[Date "2019.06.04"]
[Round "8"]
[White "NoGalloNoParty"]
[Black "irregularity"]
[Result "0-1"]
[WhiteElo "2376"]
[BlackElo "2597"]
[TimeControl "180+2"]
[EndTime "14:49:22 PDT"]
[Termination "irregularity won by checkmate"]

1. Nf3 Nf6 2. c4 g6 3. g3 Bg7 4. Bg2 O-O 5. O-O c5 6. Nc3 d6 7.
d4 cxd4 8. Nxd4 Qc7 9. Nd5 Nxd5 10. cxd5 Nd7 11. Bg5 Nf6 12. Rc1 Qb6 13. Nb3 Bf5 14.
Kh1 Rac8 15. Qd4 Qa6 16. Qb4 Qxa2 17. f3 Nxd5 18. Qxb7 Be6 19. Rxc8 Rxc8 20. e4 Nb6 21.
Nc1 Qxb2 22. Qxe7 d5 23. Nd3 Qb5 24. Nf4 Re8 25. Qxa7 dxe4 26. Nxe6 Rxe6 27. Bf4 exf3 28. Bh3 f2 29. Qb8+ Re8 30. Qd6 Nd5 31. Bd7 Qxf1# 0-1

[Event "*** Titled Tuesday Blitz"]
[Site "Chess.com"]
[Date "2019.06.04"]
[Round "8"]
[White "el-reptiliano"]
[Black "KRASAVCHIK2002"]
[Result "1-0"]
[WhiteElo "2205"]
[BlackElo "2286"]
[TimeControl "180+2"]
[EndTime "14:49:23 PDT"]
[Termination "el-reptiliano won by resignation"]

1. Nf3 Nf6 2. c4 g6 3. Nc3 Bg7 4. e4 O-O 5. d4 c5 6. d5 d6 7.
h3 e6 8. Bd3 exd5 9. exd5 b5 10. Nxb5 a6 11. Nc3 Nbd7 12. O-O Re8 13. Bf4 Ne5 14.
Nxe5 dxe5 15. Be3 Nd7 16. d6 Bb7 17. Be4 Bxe4 18. Nxe4 Qb6 19. Qd5 Rac8 20. Rab1 Qc6 21.
Rfd1 Bf8 22. a3 Qxd5 23. Rxd5 Rc6 24. Nxc5 Nxc5 25. Bxc5 Rd8 26. Rbd1 f6 27. b4 Rd7 28. b5 axb5 29. cxb5 Rc8 30. Bb4 Kf7 31. b6 Ke6 32. a4 Ra8 33. a5 h5 34. Rc5 Ra6 35. Rc8 Bh6 36. Re8+ Kf7 37. Re7+ Rxe7 38. dxe7 1-0

[Event "*** Titled Tuesday Blitz"]
[Site "Chess.com"]
[Date "2019.06.04"]
[Round "8"]
[White "dopolian"]
[Black "ozates"]
[Result "0-1"]
[WhiteElo "2265"]
[BlackElo "2250"]
[TimeControl "180+2"]
[EndTime "14:49:24 PDT"]
[Termination "ozates won by resignation"]

1. e4 c5 2. Nf3 Nc6 3. d4 cxd4 4. Nxd4 e5 5. Nb5 d6 6. c4 Be7 7. N1c3 a6 8. Na3 Be6 9. Be2 Nf6 10. Bg5 O-O 11.
Bxf6 Bxf6 12. O-O Bg5 13. Nd5 Nd4 14. Nc2 Bxd5 15. cxd5 Qb6 16. Nxd4 exd4 17. b3 Rac8 18. Bc4 Qc5 19. Qe2 b5 20. Bd3 Qb4 21. f4 Bf6 22.
e5 Rfe8 23. Bxh7+ Kxh7 24. Qh5+ Kg8 25. exf6 d3 26. fxg7 Qd4+ 27. Kh1 Qxg7 28. h3 Re2 29. Qf3 Rcc2 30. Rg1 Rf2 31. Qxd3 Kh8 32. Qe4 Qg3 33.
Rgf1 Rxg2 34. Qe8+ Kg7 0-1

[Event "*** Titled Tuesday Blitz"]
[Site "Chess.com"]
[Date "2019.06.04"]
[Round "8"]
[White "spicycaterpillar"]
[Black "jefferyx"]
[Result "1/2-1/2"]
[WhiteElo "2859"]
[BlackElo "2913"]
[TimeControl "180+2"]
[EndTime "14:49:25 PDT"]
[Termination "Game drawn by repetition"]

1. e4 c5 2. Nf3 Nc6 3. d4 cxd4 4. Nxd4 e6 5. Nc3 a6 6. g3 Qc7 7. Bg2 Bc5 8. Nxc6 dxc6 9. O-O e5 10. Na4 Ba7 11. c4 b5 12. Nc3 Be6 13. cxb5 axb5 14.
Qc2 Qb7 15. a4 b4 16. Nd1 Nf6 17. Be3 O-O 18. b3 Rfd8 19. Rc1 Bd4 20. Bxd4 Rxd4 21. Ne3 Rad8 22. Nf5 Rd3 23. Rfd1 Qd7 24. Rxd3 Qxd3 25. Ne7+ Kf8 26. Qc5 Nd7 27. Ng6+ Kg8 28. Ne7+ Kf8 29. Ng6+ Kg8 30. Ne7+ Kf8 1/2-1/2

[Event "*** Titled Tuesday Blitz"]
[Site "Chess.com"]
[Date "2019.06.04"]
[Round "8"]
[White "hellokostya"]
[Black "ChessWeebs"]
[Result "1/2-1/2"]
[WhiteElo "2541"]
[BlackElo "2790"]
[TimeControl "180+2"]
[EndTime "14:49:25 PDT"]
[Termination "Game drawn by agreement"]

1. d4 Nf6 2. c4 c6 3. Nf3 d5 4. e3 Bf5 5. Nc3 e6 6. Nh4 Be4 7. f3 Bg6 8. Qb3 Qc7 9. g3 Be7 10. Bd2 dxc4 11. Bxc4 a6 12. Be2 c5 13. dxc5 Nc6 14. Na4 Rd8 15. O-O-O Nd7 16. Nxg6 hxg6 17.
Kb1 Nxc5 18. Nxc5 Bxc5 19. Qc3 Qe5 20. Qxe5 Nxe5 21. Bc3 Rxd1+ 22. Bxd1 Nc4 23. e4 Bf2 24. Be2 Ne3 25. Bxg7 Rh7 26. Bd4 Ng4 27. fxg4 Bxd4 28.
h4 Bf2 29. h5 Bxg3 30. Kc2 Ke7 31. Rh3 Bd6 32. hxg6 Rg7 33. gxf7 Rxf7 34. Bc4 Rf2+ 35. Kd3 Be5 36. Rh6 Rf6 37. Rh7+ Rf7 38. Rxf7+ Kxf7 39. b3 b5 1/2-1/2

[Event "*** Titled Tuesday Blitz"]
[Site "Chess.com"]
[Date "2019.06.04"]
[Round "8"]
[White "vohiraa"]
[Black "Rhinos1"]
[Result "1-0"]
[WhiteElo "2297"]
[BlackElo "2054"]
[TimeControl "180+2"]
[EndTime "14:49:25 PDT"]
[Termination "vohiraa won by checkmate"]

1. e4 e5 2. Nf3 Nc6 3. Bb5 a6 4.
Ba4 d6 5. O-O Bd7 6. c3 Nge7 7.
d4 Ng6 8. d5 Nb8 9. Bxd7+ Nxd7 10. c4 Be7 11. Nc3 O-O 12. Bd2 Nc5 13. b4 Nd3 14.
Qb1 Ndf4 15. g3 Qd7 16. Qd1 Nh3+ 17. Kg2 f5 18. exf5 Qxf5 19. Qe2 Rae8 20. Qe3 Nhf4+ 21. gxf4 exf4 22. Qe4 Qg4+ 23. Kh1 Bf6 24. Qd3 Ne5 25. Nxe5 Bxe5 26. f3 Qh5 27. Rg1 Rf6 28. Raf1 Rh6 29. Rf2 Rf8 30. Ne4 Rf5 31. Rfg2 Qh3 32. Nf2 Rfh5 33.
Nxh3 Rxh3 34. Bxf4 Bxf4 35. Rxg7+ Kf8 36. Qf5+ Ke8 37.
Qc8# 1-0

[Event "*** Titled Tuesday Blitz"]
[Site "Chess.com"]
[Date "2019.06.04"]
[Round "8"]
[White "vladimirdamjanovic"]
[Black "Fighter008"]
[Result "1-0"]
[WhiteElo "2517"]
[BlackElo "2636"]
[TimeControl "180+2"]
[EndTime "14:49:27 PDT"]
[Termination "vladimirdamjanovic won by resignation"]

1. e4 c5 2. Nf3 d6 3. d4 cxd4 4. Nxd4 Nf6 5. Nc3 a6 6. Qf3 g6 7. Bg5 Bg7 8. Be2 O-O 9. Qe3 Re8 10. h4 Nc6 11. O-O-O Nxd4 12. Rxd4 Qa5 13. Ra4 Qc5 14. Qxc5 dxc5 15. e5 Nd7 16. Nd5 Nxe5 17. Nc7 Bd7 18. Ra3 h6 19. Be3 Bc6 20. Nxa8 Rxa8 21. Bxc5 Bxg2 22. Rg1 Be4 23. Bxe7 Rc8 24. Rc3 Nc6 25. Bb4 a5 26. Bxa5 Ra8 27. Re3 Rxa5 28. Rxe4 Rxa2 29. Re8+ Kh7 30. Rg3 Bxb2+ 31. Kb1 Ra4 32. Kxb2 Rxh4 33. Bc4 Kg7 34. Bb3 Rf4 35. f3 Nd4 36. Re7 Nxf3 37. Rxf7+ Rxf7 38. Bxf7 Kxf7 39. Rxf3+ Ke6 40. Rb3 g5 41.
Rxb7 g4 42. Rb6+ Kf5 43. Rxh6 g3 44. Rh8 Kf4 45. Rg8 Kf3 46. c4 g2 47. c5 Kf2 48. c6 g1=Q 49. Rxg1 Kxg1 50. c7 1-0

[Event "*** Titled Tuesday Blitz"]
[Site "Chess.com"]
[Date "2019.06.04"]
[Round "8"]
[White "nrvisakh"]
[Black "volcanoexplorer"]
[Result "1/2-1/2"]
[WhiteElo "2739"]
[BlackElo "2607"]
[TimeControl "180+2"]
[EndTime "14:49:28 PDT"]
[Termination "Game drawn by agreement"]

1. e4 e5 2. Nf3 Nc6 3. Bc4 Bc5 4. d3 Nf6 5. Bb3 O-O 6. c3 d5 7.
exd5 Nxd5 8. h3 Bf5 9. O-O Nf6 10. Bc2 Qd7 11. Re1 Rfe8 12. b4 Bb6 13. b5 Na5 14. Nxe5 Qd5 15. d4 Bxc2 16. Qxc2 Nc4 17. Qb3 Nxe5 18. Qxd5 Nxd5 19. dxe5 a6 20. bxa6 Rxa6 21.
a3 Ra4 22. Ra2 Rc4 23. Rc2 Ba5 24. Bb2 Nf4 25. Nd2 Rc6 26. Nb3 Bb6 27. c4 Nd3 28.
Re4 f5 29. Ree2 Nxb2 30. Rxb2 Rxc4 31. g3 Re4 32. Rxe4 fxe4 33. a4 Rxe5 34. a5 Bxa5 35. Nxa5 Rxa5 36. Rxb7 Ra1+ 37. Kg2 Ra2 38. Rxc7 e3 39.
Re7 Rxf2+ 40. Kg1 Re2 41. Kf1 Rh2 42. h4 Rf2+ 43. Kg1 Rf3 44. Kg2 Rf2+ 45. Kg1 Rf3 1/2-1/2

[Event "*** Titled Tuesday Blitz"]
[Site "Chess.com"]
[Date "2019.06.04"]
[Round "8"]
[White "pedroholly22"]
[Black "yuki_chess123"]
[Result "0-1"]
[WhiteElo "2278"]
[BlackElo "2183"]
[TimeControl "180+2"]
[EndTime "14:49:31 PDT"]
[Termination "yuki_chess123 won by resignation"]

1. Nf3 g6 2. d4 Bg7 3. c4 d6 4. Nc3 Nf6 5. e4 O-O 6. Be2 e5 7. O-O Nc6 8. d5 Nd4 9. Nxd4 exd4 10. Qxd4 Nd7 11. Qd1 Nc5 12. f3 f5 13. Qc2 f4 14.
b4 Nd7 15. Bd2 Ne5 16. c5 a6 17. Rac1 g5 18. cxd6 cxd6 19. Nd1 Bf6 20. Nf2 Qb6 21. a3 Bd7 22. Qc7 Bd8 23. Qxb6 Bxb6 24. Kh1 Rac8 25. Kg1 Bb5 26. Bxb5 axb5 27. Rcd1 Rc2 28. Be1 Nc4 29. Kh1 Ne3 30. Rg1 Nxd1 31. Nxd1 Bxg1 32. Kxg1 Rc1 33. Kf2 Rxd1 34. Ke2 Rxe1+ 35. Kxe1 Ra8 0-1

[Event "*** Titled Tuesday Blitz"]
[Site "Chess.com"]
[Date "2019.06.04"]
[Round "8"]
[White "tteshan"]
[Black "XiaoKangZhong"]
[Result "1-0"]
[WhiteElo "2247"]
[BlackElo "2283"]
[TimeControl "180+2"]
[EndTime "14:49:34 PDT"]
[Termination "tteshan won by resignation"]

1. d4 Nf6 2. c4 g6 3. Nc3 d5 4.
Qb3 dxc4 5. Qxc4 Bg7 6. e4 a6 7. Nf3 b5 8. Qd3 O-O 9. Be3 Bb7 10. a3 Nbd7 11. Be2 Nb6 12. b3 Nfd7 13. O-O Rc8 14.
Rac1 c5 15. d5 c4 16. Qb1 cxb3 17. Qxb3 Nc4 18. Bxc4 Rxc4 19. Ne2 Rxe4 20. Ng3 Ra4 21. Rfd1 Qa5 22. Rd3 Nf6 23. Bc5 Rc8 24. Ne2 Ne4 25. Bb4 Rxc1+ 26. Nxc1 Qc7 27. Ne2 Nc5 28. Qc2 Ne6 29.
Qxc7 Nxc7 30. d6 exd6 31. Rxd6 Nd5 32. Rd8+ Bf8 33. Bxf8 h5 34. Bc5+ Kg7 35. h3 b4 36.
Bd4+ f6 37. Rd7+ Kh6 38. Rxb7 bxa3 39. Ba1 a2 40. Kh2 Nb4 41. Nc3 Ra3 42. Rxb4 1-0

[Event "*** Titled Tuesday Blitz"]
[Site "Chess.com"]
[Date "2019.06.04"]
[Round "8"]
[White "Barcelona_Guy"]
[Black "olksuna"]
[Result "1/2-1/2"]
[WhiteElo "2670"]
[BlackElo "2505"]
[TimeControl "180+2"]
[EndTime "14:49:42 PDT"]
[Termination "Game drawn by agreement"]

1. d4 d5 2. c4 e6 3. Nc3 c6 4.
Nf3 dxc4 5. e4 b5 6. Be2 Bb4 7. O-O a6 8. Qc2 Bb7 9. Rd1 Nf6 10. e5 Nd5 11. Ne4 h6 12. Bd2 Be7 13. b3 cxb3 14. axb3 Nd7 15. Ba5 Qb8 16. Rab1 Qa7 17. b4 O-O 18. h4 f5 19. exf6 N7xf6 20. Nc5 Bxc5 21. dxc5 Rae8 22. Ne5 Qb8 23. Qb2 Ne4 24.
Bf3 Nec3 25. Nd7 Nxd1 26. Rxd1 Qf4 27. Nxf8 Rxf8 28. Rd4 Qe5 29. Qd2 Rf4 30. Rxf4 Qxf4 31. Qe2 Kf7 32. g3 Qc4 33. Qe5 Qc3 34. Bh5+ g6 35. Qd6 Qe1+ 36. Kg2 gxh5 37. Qd7+ Kg6 38. Qxb7 Qe4+ 39. Kg1 Qe1+ 40. Kg2 1/2-1/2

[Event "*** Titled Tuesday Blitz"]
[Site "Chess.com"]
[Date "2019.06.04"]
[Round "8"]
[White "51616516516"]
[Black "1g41-0"]
[Result "1-0"]
[WhiteElo "2327"]
[BlackElo "2473"]
[TimeControl "180+2"]
[EndTime "14:49:44 PDT"]
[Termination "51616516516 won by resignation"]

1. d4 d5 2. c4 c6 3. Nc3 Nf6 4. Nf3 e6 5. Bg5 dxc4 6. e4 b5 7.
e5 h6 8. Bh4 g5 9. Nxg5 hxg5 10.
Bxg5 Nbd7 11. g3 Bb7 12. Bg2 Qb6 13. exf6 O-O-O 14. O-O c5 15. d5 b4 16. Rb1 Qa6 17.
dxe6 Bxg2 18. e7 Bxf1 19. Kxf1 Rxh2 20. Kg1 Rh8 21. exd8=Q+ Kxd8 22. Nd5 Qe6 23. Qf3 Ne5 24. Qg2 Qf5 25. Rd1 Nf3+ 26. Kf1 Bd6 27. Ne3 Qxg5 28. Qxf3 Kc7 29. Nxc4 Rd8 30. Na5 Kb6 31. Nb7 Bc7 32. Nxd8 1-0

[Event "*** Titled Tuesday Blitz"]
[Site "Chess.com"]
[Date "2019.06.04"]
[Round "8"]
[White "Tacticalon"]
[Black "Angry_Twin"]
[Result "1-0"]
[WhiteElo "2731"]
[BlackElo "2800"]
[TimeControl "180+2"]
[EndTime "14:49:46 PDT"]
[Termination "Tacticalon won by resignation"]

1. d4 Nf6 2. c4 g6 3. Nc3 d5 4. cxd5 Nxd5 5. e4 Nxc3 6. bxc3 Bg7 7. Bc4 c5 8. Ne2 O-O 9. Be3 Nc6 10. Rc1 Bd7 11.
O-O Rc8 12. Qd2 Na5 13. Bd3 e5 14. f4 exd4 15. cxd4 cxd4 16. Nxd4 Rxc1 17. Rxc1 Nc6 18. Nb5 Be6 19. Bc5 Re8 20. Nd6 Bd4+ 21. Bxd4 Qxd6 22.
Ba1 f6 23. Bxf6 Nb4 24. Rc3 Nxa2 25. Rc4 a5 26. Be5 Qb6+ 27. Bd4 Qb3 28. Rc7 Bf7 29. f5 Nb4 30. Rc3 Qa2 31. Qh6 Qa1+ 32. Bf1 1-0